 Dungeon Crawl Stone Soup version 0.31-a0-986-g5e6e4ef867 (webtiles) character file.

Game seed: 5419276155827196321

84 wildpjah the Slasher (level 4, -1/28 HPs)
             Began as a Tengu Monk on Nov 20, 2023.
             Slain by an adder (3 damage)
             ... on level 3 of the Dungeon.
             The game lasted 00:02:14 (1609 turns).

wildpjah the Slasher (Tengu Monk)                   Turns: 1609, Time: 00:02:15

Health: -1/28      AC:  2    Str: 12    XL:     4   Next: 46%
Magic:  5/5        EV: 14    Int: 10    God:
Gold:   187        SH:  0    Dex: 18    Spells: 3/3 levels left

rFire   . . .        a - +0 falchion
rCold   . . .        d - orb {light}
rNeg    . . .        b - +0 robe
rPois   .            (helmet restricted)
rElec   .            (no cloak)
rCorr   .            (no gloves)
SInv    .            (boots unavailable)
Will    .....        i - amulet of magic regeneration
Stlth   +            (no ring)
HPRegen 0.24/turn    (no ring)
MPRegen 0.49/turn

%: acrobat
@: glowing
A: beak, talons 3, acrobatic
a: no special abilities


You were on level 3 of the Dungeon.
You visited 1 branch of the dungeon, and saw 3 of its levels.

You collected 187 gold pieces.

Inventory:

Hand Weapons
 a - a +0 falchion (weapon)
Armour
 b - a +0 robe (worn)
 d - an orb of light (worn)
Jewellery
 i - an amulet of magic regeneration (around neck)
Scrolls
 f - a scroll of blinking {unknown}
 g - a scroll of enchant weapon {unknown}
 k - a scroll of enchant armour {unknown}
 m - a scroll of identify {unknown}
 o - 3 scrolls of summoning {unknown}
Potions
 c - a potion of ambrosia
 e - a potion of might {unknown}
 h - a potion of curing {unknown}
 j - a potion of haste {unknown}
 l - a potion of berserk rage {unknown}
 n - a potion of heal wounds {unknown}


   Skills:
 + Level 3.5 Fighting
 + Level 4.2 Long Blades
 * Level 0.1 Armour
 * Level 4.2 Dodging
 + Level 0.7 Stealth


You had 3 spell levels left.
You didn't know any spells.
Your spell library contained the following spells:

 Spells                   Type           Power      Damage    Failure   Level
 Apportation              Tloc           0%         N/A       36%         1
 Necrotise                Necr           0%         1d4       36%         1
 Summon Small Mammal      Summ           0%         N/A       36%         1


Dungeon Overview and Level Annotations

Branches:
Dungeon (3/15)

Altars:

Annotations:
D:3 Terence


Innate Abilities, Weirdness & Mutations

You have a beak for a mouth.
You have claws for feet.
You can magically evade attacks while moving or waiting.


Message History

The adder hisses angrily.
You hit Terence but do no damage. Your kick misses Terence.
Terence barely misses you.
You hit Terence. You claw Terence, but do no damage.
Terence is moderately wounded.
The adder misses you. Terence hits you with a +0 mace.
You hit Terence. You claw Terence, but do no damage.
Terence is severely wounded.
The adder bites you.
You are poisoned.
The adder poisons you! Terence misses you.
The adder bites you but does no damage.
You hit Terence but do no damage.
Terence is severely wounded.
You feel sick. Terence barely misses you.
The adder bites you but does no damage.
You hit Terence but do no damage.
Terence is severely wounded.
You feel sick. The adder bites you. Terence misses you.
You hit Terence but do no damage. You claw Terence, but do no damage.
You peck Terence, but do no damage.
Terence is severely wounded.
You feel sick. The adder bites you. Terence misses you.
The adder bites you but does no damage.
You hit Terence. You claw Terence.
Terence is almost dead.
You feel sick. Terence hits you with a +0 mace. The adder barely misses you.
You hit Terence but do no damage. You claw Terence, but do no damage.
Terence is almost dead.
You feel sick. The adder bites you but does no damage.
Terence says, "You're history."
Terence hits you with a +0 mace.
* * * LOW HITPOINT WARNING * * *
The adder closely misses you.
You hit Terence but do no damage. Your kick misses Terence.
Terence is almost dead.
You feel sick.
You are no longer poisoned.
Terence closely misses you. The adder bites you.
You die...

#######.#.
####+#<........ .
#........####.....
#........####....#
.........)@@......
........(..S##.#.#
.....##...#....#
..... ##.#######
..... ### ..


You could see Terence and an adder.

Vanquished Creatures
  3 adders (D:2)
  A worm (D:2)
  A dart slug (D:2)
  2 ball pythons (D:2)
  2 endoplasms (D:1)
  6 giant cockroaches
  11 goblins
  7 hobgoblins
  2 jackals (D:2)
  A kobold (D:2)
  A quokka (D:1)
  3 bats (D:2)
  3 frilled lizards
  3 rats
46 creatures vanquished.

Notes
Turn   | Place    | Note
-------+----------+-------------------------------------------
     0 | D:1      | wildpjah the Tengu Monk began the quest for the Orb.
     0 | D:1      | Reached XP level 1. HP: 14/14 MP: 2/2
   114 | D:1      | Reached XP level 2. HP: 14/19 MP: 3/3
   995 | D:2      | Reached XP level 3. HP: 22/23 MP: 4/4
  1303 | D:2      | Reached XP level 4. HP: 28/28 MP: 5/5
  1598 | D:3      | Noticed Terence
  1609 | D:3      | Slain by an adder

Illustrated notes

Levels and vault maps discovered:
D:1:      nzn_arrival_settlement, layout_basic, chequers_serial_rivers_large_a,
          minmay_worlds_worst_comb
D:2:      cheibrodos_greedy_goblins, layout_basic, minmay_pentomino_pile
D:3:      layout_basic, nicolae_overflow_ecumenical_swirl, uniq_terence,
          uniq_grinder

Skill      XL: |  1  2  3 |
---------------+----------+-----
Dodging        | 4 |  4.2
Long Blades    | 4 |  4.2
Fighting       | |  3.5
Armour         | |  0.1
Stealth        | |  0.7

Action                     |  1- 3 |  4- 6 || total
---------------------------+-------+-------++-------
  Melee: Falchion          |    65 |    24 ||    89
         Kick              |    18 |    10 ||    28
         Peck              |     7 |     4 ||    11
 Armour: Robe              |    17 |    12 ||    29
  Dodge: Dodged            |    43 |    23 ||    66

Table legend: (Time is in decaauts)
 A = Elapsed time spent in this place.
 B = Non-inter-level travel time spent in this place.
 C = Inter-level travel time spent in this place.
 D = Time resting spent in this place.
 E = Time spent auto-exploring this place.
 F = Levels seen in this place.
 G = Mean time per level.
                   A        B        C        D        E       F      G
               +--------+--------+--------+--------+--------+-----+--------+
         Total |   1628 |   1598 |     30 |      0 |   1352 |   3 |  542.7 |
       Dungeon |   1628 |   1598 |     30 |      0 |   1352 |   3 |  542.7 |
               +--------+--------+--------+--------+--------+-----+--------+

Top non-repeatable levels by time:
     D:1: 943 daAuts
     D:2: 668 daAuts
     D:3: 15 daAuts
